NYP
TRI-CITY DUST DEVILS @ STATE COLLEGE SPIKES
09/03/2048
 
TOP OF THE 1ST
Tri-City Dust Devils batting - Pitching for State College Spikes : RHP Derrick Easley
Pitching: RHP Derrick Easley
Batting: LHB Ramon Vega 0-0: Called Strike
0-1: Ball
1-1: Called Strike
1-2: Ball
2-2: Strikes out swinging
Batting: LHB Phil Lerner 0-0: Called Strike
0-1: DOUBLE (Line Drive, 7LM, EV 113.1 MPH)
Batting: RHB Hector Fernandez 0-0: Ball
1-0: Ball
2-0: Foul Ball, location: 2F
2-1: Ball
3-1: Called Strike
3-2: SINGLE (Groundball, 6D, EV 101.9 MPH)
Phil Lerner to third
Runner from 3rd tries for Home, throw by CF and OUT! 8-2
Batting: SHB Isaiah Scates 0-0: Ball
1-0: SINGLE (Groundball, 56D, EV 95.0 MPH)
Hector Fernandez to second
Batting: RHB Eric McMillian 0-0: Ball
1-0: Swinging Strike
1-1: Ground out 3-1 (Groundball, 34S, EV 86.2 MPH)
Top of the 1st over - 0 runs, 3 hits, 0 errors, 2 left on base; Tri-City 0 - State College 0
BOTTOM OF THE 1ST
State College Spikes batting - Pitching for Tri-City Dust Devils : RHP Jamie Bostic
Pitching: RHP Jamie Bostic
Now at 1B: Frank Elizondo
Batting: RHB Robby Hickman 0-0: Ball
1-0: Called Strike
1-1: Foul Ball, location: 2F
1-2: Foul Ball, location: 2F
1-2: Foul Ball, location: 2F
1-2: Foul Ball, location: 2F
1-2: Ball
2-2: Strikes out swinging
Batting: RHB Bobby Miles 0-0: Ball
1-0: Called Strike
1-1: Foul Ball, location: 2F
1-2: Ball
2-2: Ball
3-2: Strikes out looking
Batting: RHB Roberto Ruiz 0-0: Called Strike
0-1: Ball
1-1: Foul Ball, location: 2F
1-2: Strikes out swinging
Bottom of the 1st over - 0 runs, 0 hits, 0 errors, 0 left on base; Tri-City 0 - State College 0
TOP OF THE 2ND
Tri-City Dust Devils batting - Pitching for State College Spikes : RHP Derrick Easley
Batting: RHB Phil McFadden 0-0: Foul Ball, location: 2F
0-1: Ball
1-1: Foul Ball, location: 2F
1-2: Ball
2-2: Fly out, F7 (Flyball, 7D, EV 95.0 MPH)
Batting: RHB Max Stillo 0-0: Ball
1-0: Ball
2-0: Ball
3-0: Called Strike
3-1: Foul Ball, location: 2F
3-2: Strikes out looking
Batting: RHB Oren Jones 0-0: Called Strike
0-1: Ball
1-1: SINGLE (Groundball, 56D, EV 103.1 MPH)
Batting: RHB Shane Bruce 0-0: Ball
1-0: Swinging Strike
1-1: Foul Ball, location: 2F
1-2: Strikes out swinging
Top of the 2nd over - 0 runs, 1 hit, 0 errors, 1 left on base; Tri-City 0 - State College 0
BOTTOM OF THE 2ND
State College Spikes batting - Pitching for Tri-City Dust Devils : RHP Jamie Bostic
Batting: RHB Edgar Landim 0-0: Ball
1-0: Ground out 4-3 (Groundball, 4, EV 83.8 MPH)
Batting: RHB Kyle Burns 0-0: SINGLE (Groundball, 34D, EV 111.2 MPH)
Batting: RHB Josh Broome 0-0: Ball
1-0: Called Strike
1-1: Foul Ball, location: 2F
1-2: Ball
2-2: TRIPLE (Flyball, 89XD, EV 106.2 MPH)
Kyle Burns scores
Batting: RHB Alex Melgoza 0-0: Ball
1-0: Swinging Strike
1-1: Foul Ball, location: 2F
1-2: Foul Ball, location: 2F
1-2: Ball
2-2: Ground out 5-3 (Groundball, 5L, EV 107.5 MPH)
Batting: RHB Richard Riggs 0-0: Fly out, F8 (Flyball, 8LD, EV 86.9 MPH)
Bottom of the 2nd over - 1 run, 2 hits, 0 errors, 1 left on base; Tri-City 0 - State College 1
TOP OF THE 3RD
Tri-City Dust Devils batting - Pitching for State College Spikes : RHP Derrick Easley
Batting: LHB Ramon Vega 0-0: Ball
1-0: Called Strike
1-1: Ball
2-1: Foul Ball, location: 2F
2-2: Foul Ball, location: 2F
2-2: Fly out, F6 (Line Drive, 6, EV 67.5 MPH)
Batting: RHB Frank Elizondo 0-0: Swinging Strike
0-1: Ball
1-1: Foul Ball, location: 2F
1-2: Foul Ball, location: 2F
1-2: Strikes out swinging
Batting: RHB Hector Fernandez 0-0: Foul Ball, location: 2F
0-1: Called Strike
0-2: Ball
1-2: Ball
2-2: Ball
3-2: SINGLE (Groundball, 34D, EV 98.1 MPH)
Batting: SHB Isaiah Scates 0-0: Ball
1-0: Called Strike
1-1: Called Strike
1-2: Ball
2-2: Strikes out looking
Top of the 3rd over - 0 runs, 1 hit, 0 errors, 1 left on base; Tri-City 0 - State College 1
BOTTOM OF THE 3RD
State College Spikes batting - Pitching for Tri-City Dust Devils : RHP Jamie Bostic
Batting: RHB Ben Politi 0-0: Foul Ball, location: 2F
0-1: Called Strike
0-2: Ball
1-2: Strikes out swinging
Batting: RHB Robby Hickman 0-0: Foul Ball, location: 2F
0-1: Ground out 4-3 (Groundball, 4M, EV 105.6 MPH)
Batting: RHB Bobby Miles 0-0: Ball
1-0: Ball
2-0: Ball
3-0: Called Strike
3-1: Base on Balls
Batting: RHB Roberto Ruiz 0-0: Called Strike
0-1: Ball
Bobby Miles steals 2nd, throwing error, E2
Bobby Miles to third
1-1: Ball
2-1: Foul Ball, location: 2F
2-2: Strikes out swinging
Bottom of the 3rd over - 0 runs, 0 hits, 1 error, 1 left on base; Tri-City 0 - State College 1
TOP OF THE 4TH
Tri-City Dust Devils batting - Pitching for State College Spikes : RHP Derrick Easley
Batting: RHB Eric McMillian 0-0: Called Strike
0-1: Ball
1-1: Ball
2-1: Swinging Strike
2-2: Ground out 6-3 (Groundball, 6, EV 93.8 MPH)
Batting: RHB Phil McFadden 0-0: Called Strike
0-1: Foul Ball, location: 2F
0-2: Strikes out swinging
Batting: RHB Max Stillo 0-0: Called Strike
0-1: Ball
1-1: Called Strike
1-2: Ball
2-2: Ground out 5-3 (Groundball, 5, EV 84.4 MPH)
Top of the 4th over - 0 runs, 0 hits, 0 errors, 0 left on base; Tri-City 0 - State College 1
BOTTOM OF THE 4TH
State College Spikes batting - Pitching for Tri-City Dust Devils : RHP Jamie Bostic
Batting: RHB Edgar Landim 0-0: Fly out, F7 (Flyball, 7, EV 88.1 MPH)
Batting: RHB Kyle Burns 0-0: Foul Ball, location: 2F
0-1: SINGLE (Groundball, 4, EV 97.5 MPH)
Batting: RHB Josh Broome 0-0: Called Strike
0-1: Ball
1-1: SINGLE (Groundball, 34D, EV 95.0 MPH)
Kyle Burns to second
Runner from 2nd tries for 3rd, SAFE, throw by RF made to third
Batting: RHB Alex Melgoza 0-0: Ball
1-0: Swinging Strike
1-1: Swinging Strike
1-2: Strikes out swinging
Batting: RHB Richard Riggs 0-0: Ball
1-0: Ball
2-0: DOUBLE (Groundball, 5L, EV 105.6 MPH)
Kyle Burns scores
Josh Broome to third
Runner from 3rd tries for Home, SAFE, no throw by LF
Batting: RHB Ben Politi 0-0: Called Strike
0-1: Ball
1-1: Swinging Strike
1-2: Strikes out swinging
Bottom of the 4th over - 2 runs, 3 hits, 0 errors, 1 left on base; Tri-City 0 - State College 3
TOP OF THE 5TH
Tri-City Dust Devils batting - Pitching for State College Spikes : RHP Derrick Easley
Batting: RHB Oren Jones 0-0: Ball
1-0: Foul Ball, location: 2F
1-1: Swinging Strike
1-2: Ball
2-2: Foul Ball, location: 2F
2-2: Foul Ball, location: 2F
2-2: Strikes out swinging
Batting: RHB Shane Bruce 0-0: Called Strike
0-1: Swinging Strike
0-2: Strikes out looking
Batting: LHB Ramon Vega 0-0: Called Strike
0-1: Called Strike
0-2: SOLO HOME RUN (Flyball, 89XD, EV 107.5 MPH), Distance : 421 ft
Batting: RHB Frank Elizondo 0-0: Ball
1-0: Swinging Strike
1-1: Ball
2-1: Swinging Strike
2-2: Ball
3-2: Foul Ball, location: 2F
3-2: Base on Balls
Batting: RHB Hector Fernandez 0-0: Called Strike
0-1: Ball
1-1: Ground out 4-3 (Groundball, 4, EV 109.4 MPH)
Top of the 5th over - 1 run, 1 hit, 0 errors, 1 left on base; Tri-City 1 - State College 3
BOTTOM OF THE 5TH
State College Spikes batting - Pitching for Tri-City Dust Devils : RHP Jamie Bostic
Batting: RHB Robby Hickman 0-0: Called Strike
0-1: Ball
1-1: Ball
2-1: DOUBLE (Flyball, 8RXD, EV 101.9 MPH)
Batting: RHB Bobby Miles 0-0: Called Strike
0-1: Ball
1-1: Called Strike
1-2: Strikes out swinging
Batting: RHB Roberto Ruiz 0-0: Ball
1-0: Ground out 6-3 (Groundball, 6, EV 86.2 MPH)
Robby Hickman to third
Pitching: RHP Troy Conners
Batting: RHB Edgar Landim 0-0: Called Strike
0-1: Swinging Strike
0-2: Foul Ball, location: 2F
0-2: Strikes out looking
Bottom of the 5th over - 0 runs, 1 hit, 0 errors, 1 left on base; Tri-City 1 - State College 3
TOP OF THE 6TH
Tri-City Dust Devils batting - Pitching for State College Spikes : RHP Derrick Easley
Pitching: LHP Daniel Aguayo
Batting: SHB Isaiah Scates 0-0: Called Strike
0-1: Called Strike
0-2: Foul Ball, location: 2F
0-2: Ball
1-2: Foul Ball, location: 2F
1-2: Fly out, F7 (Line Drive, 7S, EV 87.5 MPH)
Batting: RHB Eric McMillian 0-0: Ball
1-0: Called Strike
1-1: SINGLE (Line Drive, 89S, EV 111.2 MPH)
Batting: RHB Phil McFadden 0-0: Ball
1-0: Called Strike
1-1: Swinging Strike
1-2: Strikes out swinging
Batting: RHB Max Stillo 0-0: Swinging Strike
0-1: Foul Ball, location: 2F
0-2: Ball
1-2: Strikes out looking
Top of the 6th over - 0 runs, 1 hit, 0 errors, 1 left on base; Tri-City 1 - State College 3
BOTTOM OF THE 6TH
State College Spikes batting - Pitching for Tri-City Dust Devils : RHP Troy Conners
Batting: RHB Kyle Burns 0-0: Ball
1-0: Reached on error, E6 (Groundball, 6, EV 88.1 MPH)
Batting: RHB Josh Broome 0-0: Swinging Strike
0-1: SINGLE (Groundball, 56D, EV 102.5 MPH)
Kyle Burns to third
Batting: RHB Alex Melgoza 0-0: Ball
1-0: Foul Ball, location: 2F
1-1: Foul Ball, location: 2F
1-2: Strikes out swinging
Batting: RHB Richard Riggs 0-0: Foul Ball, location: 2F
0-1: Ball
1-1: Ball
Josh Broome steals 2nd base
2-1: Ball
3-1: Foul Ball, location: 2F
3-2: TRIPLE (Flyball, 78XD, EV 88.1 MPH)
Kyle Burns scores
Josh Broome scores
Batting: RHB Ben Politi 0-0: Fly out, F4 (Popup, 13, EV 75.0 MPH)
Batting: RHB Robby Hickman 0-0: Called Strike
0-1: Ball
1-1: Called Strike
1-2: Ball
2-2: DOUBLE (Flyball, 8RXD, EV 106.9 MPH)
Richard Riggs scores
Pitching: RHP Andres Burgos
Batting: RHB Bobby Miles 0-0: Foul Ball, location: 2F
0-1: Swinging Strike
0-2: Foul Ball, location: 2F
0-2: TRIPLE (Flyball, 78XD, EV 104.4 MPH)
Robby Hickman scores
Batting: RHB Roberto Ruiz 0-0: Called Strike
0-1: Ball
1-1: Ball
2-1: Swinging Strike
2-2: Fly out, F7 (Flyball, 78M, EV 92.5 MPH)
Bottom of the 6th over - 4 runs, 4 hits, 1 error, 1 left on base; Tri-City 1 - State College 7
TOP OF THE 7TH
Tri-City Dust Devils batting - Pitching for State College Spikes : LHP Daniel Aguayo
Batting: RHB Oren Jones 0-0: Ball
1-0: Ball
2-0: Called Strike
2-1: Ground out 1-3 (Groundball, 15S, EV 68.1 MPH)
Batting: RHB Shane Bruce 0-0: Ground out 5-3 (Groundball, 56, EV 96.9 MPH)
Batting: LHB Ramon Vega 0-0: Fly out, F7 (Flyball, 7LS, EV 73.8 MPH)
Top of the 7th over - 0 runs, 0 hits, 0 errors, 0 left on base; Tri-City 1 - State College 7
BOTTOM OF THE 7TH
State College Spikes batting - Pitching for Tri-City Dust Devils : RHP Andres Burgos
Batting: RHB Edgar Landim 0-0: Called Strike
0-1: Swinging Strike
0-2: Ball
1-2: Ball
2-2: Strikes out looking
Batting: RHB Kyle Burns 0-0: Called Strike
0-1: Ball
1-1: Foul Ball, location: 2F
1-2: Ball
2-2: Strikes out swinging
Batting: RHB Josh Broome 0-0: Ball
1-0: Called Strike
1-1: SINGLE (Line Drive, 78M, EV 105.6 MPH)
Batting: RHB Alex Melgoza 0-0: Called Strike
0-1: Foul Ball, location: 2F
0-2: Ground out 4-3 (Groundball, 6S, EV 86.9 MPH)
Bottom of the 7th over - 0 runs, 1 hit, 0 errors, 1 left on base; Tri-City 1 - State College 7
TOP OF THE 8TH
Tri-City Dust Devils batting - Pitching for State College Spikes : LHP Daniel Aguayo
Batting: RHB Frank Elizondo 0-0: Ball
1-0: Foul Ball, location: 2F
1-1: Ground out 2-3 (Groundball, 2R, EV 62.5 MPH)
Batting: RHB Hector Fernandez 0-0: Ball
1-0: Foul Ball, location: 2F
1-1: Ball
2-1: Ball
3-1: Foul Ball, location: 2F
3-2: Foul Ball, location: 2F
3-2: Strikes out swinging
Batting: SHB Isaiah Scates 0-0: Called Strike
0-1: Foul Ball, location: 2F
0-2: Ball
1-2: Ball
2-2: Ball
3-2: Foul Ball, location: 2F
3-2: Strikes out swinging
Top of the 8th over - 0 runs, 0 hits, 0 errors, 0 left on base; Tri-City 1 - State College 7
BOTTOM OF THE 8TH
State College Spikes batting - Pitching for Tri-City Dust Devils : RHP Andres Burgos
Batting: RHB Richard Riggs 0-0: Called Strike
0-1: Ball
1-1: Called Strike
1-2: SINGLE (Groundball, 5L, EV 102.5 MPH) (infield hit)
Pitching: RHP Gilberto Ricalde
Batting: RHB Ben Politi 0-0: Swinging Strike
0-1: Ball
1-1: Ball
2-1: Called Strike
2-2: Strikes out looking
Richard Riggs is caught stealing 2nd base 2-4
Batter strikes out.
Batting: RHB Robby Hickman 0-0: Called Strike
0-1: Ball
1-1: Ball
2-1: Ball
3-1: Base on Balls
Batting: RHB Bobby Miles 0-0: Called Strike
0-1: Foul Ball, location: 2F
0-2: Ball
Robby Hickman steals 2nd base
1-2: 2-RUN HOME RUN (Flyball, 7D, EV 99.4 MPH), Distance : 403 ft
Pinch Hitting: LHB Keith Rice 0-0: Called Strike
0-1: Foul Ball, location: 2F
0-2: Ground out 5-3 (Groundball, 5, EV 83.8 MPH)
Bottom of the 8th over - 2 runs, 2 hits, 0 errors, 0 left on base; Tri-City 1 - State College 9
TOP OF THE 9TH
Tri-City Dust Devils batting - Pitching for State College Spikes : LHP Daniel Aguayo
Now at 1B: Ben Politi
Now in RF: Hank Arias
Batting: RHB Eric McMillian 0-0: Ball
1-0: Ball
2-0: Foul Ball, location: 2F
2-1: Foul Ball, location: 2F
2-2: Ball
3-2: Foul Ball, location: 2F
3-2: Strikes out looking
Batting: RHB Phil McFadden 0-0: Ball
1-0: Foul Ball, location: 2F
1-1: Foul Ball, location: 2F
1-2: Ball
2-2: Ball
3-2: Strikes out swinging
Batting: RHB Max Stillo 0-0: Ball
1-0: Ball
2-0: Ground out U3 (Groundball, 34S, EV 81.9 MPH)
Top of the 9th over - 0 runs, 0 hits, 0 errors, 0 left on base; Tri-City 1 - State College 9
Tuesday, March 28th , 2023 - OOTP Baseball 23.10 Build 110